 Dungeon Crawl Stone Soup version 0.29.1-2-gbd0b4ee654 (webtiles) character file.

Game seed: 6168857863553718175

28 warriortoast the Digger (level 3, -1/19 HPs)
             Began as a Gargoyle Earth Elementalist on Nov 2, 2022.
             Killed from afar by Sigmund (6 damage)
             ... with a puff of flame
             ... on level 2 of the Dungeon.
             The game lasted 00:03:16 (956 turns).

warriortoast the Digger (GrEE)                       Turns: 956, Time: 00:03:16

Health: -1/19      AC:  5    Str: 13    XL:     3   Next: 12%
Magic:  6/6        EV: 11    Int: 15    God:
Gold:   62         SH:  0    Dex: 10    Spells: 5/6 levels left

rFire   . . .      SeeInvis .   l - +0 hand axe
rCold   . . .      Faith    .   (no shield)
rNeg    + . .      Spirit   .   a - +0 robe
rPois   ∞          Reflect  .   (no helmet)
rElec   +          Harm     .   (no cloak)
rCorr   .          Rampage  .   (no gloves)
Will    .....                   (no boots)
Stlth   +.........              (no amulet)
HPRegen 0.06/turn               (no ring)
MPRegen 0.10/turn               (no ring)

@: confused
A: sickness immunity, AC +3, negative energy resistance 1, electricity
resistance, torment resistance 1, petrification resistance
a: no special abilities


You were on level 2 of the Dungeon.
You visited 1 branch of the dungeon, and saw 2 of its levels.

You collected 62 gold pieces.

Inventory:

Hand Weapons
 l - a +0 hand axe (weapon)
Armour
 a - a +0 robe (worn)
 e - a +0 helmet
Scrolls
 c - a scroll of noise {unknown}
 d - 3 scrolls of brand weapon {unknown}
 f - 2 scrolls of teleportation {unknown}
 g - a scroll of enchant weapon {unknown}
 h - 4 scrolls of identify {unknown}
Potions
 b - a potion of magic
 i - a potion of degeneration {unknown}
 j - a potion of resistance {unknown}
 k - 2 potions of heal wounds {unknown}


   Skills:
 - Level 1.5 Dodging
 - Level 2.1 Stealth
 + Level 2.3 Spellcasting
 + Level 1.2 Conjurations
 + Level 1.3 Transmutations
 + Level 4.0 Earth Magic


You had 5 spell levels left.
You knew the following spells:

 Your Spells              Type           Power      Damage    Failure   Level
a - Sandblast             Erth           26%        2d8       4%          1

Your spell library contained the following spells:

 Spells                   Type           Power      Damage    Failure   Level
 Passwall                 Tmut/Erth      7%         N/A       11%         2
 Stone Arrow              Conj/Erth      18%        3d8       22%         3
 Petrify                  Tmut/Erth      9%         N/A       56%         4


Dungeon Overview and Level Annotations

Branches:
Dungeon (1/15)

Altars:

Annotations:
D:2 Sigmund


Innate Abilities, Weirdness & Mutations

You are immune to sickness and miasma.
Your stone body is resilient. (AC +3)
You are immune to poison.
You resist negative energy. (rN+)
You are resistant to electric shocks. (rElec)
You are resistant to unholy torment.
You are immune to petrification.


Message History

You kill the adder!
Your Earth Magic skill increases to level 4!
You have reached level 3!
Your experience leads to an increase in your attributes!
Increase (S)trength, (I)ntelligence, or (D)exterity?
You feel stronger. x2
The blast of sand hits the frilled lizard.
You kill the frilled lizard!
l - a +0 hand axe (weapon)
You start resting.
HP restored.
You start resting.
Magic restored.
You see here an adder corpse.
You see here a +0 leather armour.
Found a cloak.
Found a robe.
You see here a scroll labelled ZOCZAT YXTERU.
Sigmund shouts!
Sigmund says, "Your kind have come here before.
I understand now why.
You desire death..."
You see here a gluggy blue potion.
Sigmund points at you and mumbles some strange words.
You are confused.
You see here 5 gold pieces.
You bump into the rock wall.
Sigmund casts a spell at you. The puff of flame misses you.
You bump into the rock wall.
Sigmund barely misses you.
Sigmund points at you and mumbles some strange words.
You are more confused.
Sigmund gestures at you while chanting. The puff of flame hits you.
Sigmund gestures at you while chanting. The puff of flame hits you.
Sigmund hits you from afar with a +4 scythe of protection.
* * * LOW HITPOINT WARNING * * *
You bump into the rock wall.
Sigmund casts a spell at you. The puff of flame hits you.
You die...

#########
#..[....#
#.......# #~~
#.......###..~~≈
#...?.!.@.[.~≈≈≈
#......$####~≈≈~
#....@..# ~
#.......#
#.##...##
#.####.#####
#.####.#...#
#......#...#
######.#...#


You could see Sigmund.

Vanquished Creatures
  An adder (D:2)
  2 ball pythons
  3 bats (D:1)
  An endoplasm (D:1)
  A goblin (D:1)
  A hobgoblin (D:1)
  4 jackals (D:2)
  A kobold (D:1)
  A quokka (D:1)
  A frilled lizard (D:2)
  A rat (D:1)
17 creatures vanquished.

Notes
Turn   | Place    | Note
-------+----------+-------------------------------------------
     0 | D:1      | warriortoast the Gargoyle Earth Elementalist began the
                  | quest for the Orb.
     0 | D:1      | Reached XP level 1. HP: 10/10 MP: 3/3
   163 | D:1      | Reached skill level 1 in Transmutations
   197 | D:1      | Reached XP level 2. HP: 15/15 MP: 3/5
   728 | D:1      | You fall into a shaft and drop 1 floor!
   769 | D:2      | Reached skill level 1 in Conjurations
   869 | D:2      | Noticed Sigmund
   883 | D:2      | Reached skill level 4 in Earth Magic
   883 | D:2      | Reached XP level 3. HP: 17/19 MP: 3/6
   956 | D:2      | Killed from afar by Sigmund

Illustrated notes

Levels and vault maps discovered:
D:1:      ncdulo_wetmaze, layout_loops_cross
D:2:      wander_river, layout_loops_cross, basic_ecumenical_altar,
          serial_shops, shop, minmay_tetromino_t2, uniq_crazy_yiuf_cottage,
          uniq_sigmund, uniq_robin

Skill      XL: |  1  2 |
---------------+-------+-----
Transmutations | 1 |  1.3
Conjurations   | 1 |  1.2
Earth Magic    | 4 |  4.0
Dodging        | |  1.5
Stealth        | |  2.1
Spellcasting   | |  2.3

Action                   || total
-------------------------++-------
 Cast: Sandblast         ||    22
Armor: Robe              ||    10
Dodge: Dodged            ||    10
